[Event "45th FIDE Olympiad 2024"]
[Site "Budapest"]
[Date "2024.09.15"]
[Round "5.35"]
[White "Khoa, Goodwill"]
[Black "Hussain, Hashem"]
[Result "1-0"]
[ECO "A25"]
[WhiteElo "1890"]
[BlackElo "1807"]
[PlyCount "99"]
[EventDate "2024.09.05"]
[EventType "team-tourn"]
[EventCountry "HUN"]
[WhiteTeam "Namibia"]
[BlackTeam "Kuwait"]
[WhiteTeamCountry "NAM"]
[BlackTeamCountry "KUW"]
[TimeControl "40/5400+30:1800+30"]

1. c4 e5 2. Nc3 Nc6 3. g3 Bb4 4. Bg2 d6 5. Nf3 Nge7 6. Nd5 Bc5 7. Qa4 Bd7 8. Qb3 O-O 9. d3 a5 10. O-O a4 11. Qc2 Nxd5 12. cxd5 Nb4 13. Qd1 Qe8 14. Ng5 f5 15. a3 Na6 16. Ne6 Rf6 17. Bg5 Rg6 18. h4 Bxe6 19. dxe6 h6 20. Be3 Bxe3 21. fxe3 Rxg3 22. Kf2 Rg4 23. Bxb7 Qh5 24. Ke1 Qxh4+ 25. Kd2 Ra7 26. Bd5 Qe7 27. Rxf5 c6 28. Ba2 Ra8 29. Rf7 Qg5 30. Ra7 Rb8 31. Rxa6 Rg3 32. e7+ Kh7 33. Rxa4 Qxe3+ 34. Kc2 Rg2 35. Re4 Qc5+ 36. Bc4 d5 37. b4 Qxe7 38. Qf1 Rg5 39. Rh4 dxc4 40. Rxc4 Rf8 41. Qh1 Rf6 42. Rxc6 Rf4 43. Rf1 Qf7 44. Rxf4 exf4 45. Qe4+ Rf5 46. Rc5 Qa2+ 47. Kd1 Qb1+ 48. Kd2 Qb2+ 49. Ke1 g6 50. Rc7+ 1-0

[Event "45th FIDE Olympiad 2024"]
[Site "Budapest"]
[Date "2024.09.15"]
[Round "5.36"]
[White "L'ami, Erwin"]
[Black "Miranda Mesa, Elier"]
[Result "1-0"]
[ECO "D17"]
[WhiteElo "2628"]
[BlackElo "2512"]
[Annotator "TA"]
[PlyCount "103"]
[EventDate "2024.09.05"]
[EventType "team-tourn"]
[EventCountry "HUN"]
[SourceTitle "playchess.com"]
[Source "ChessBase"]
[SourceQuality "1"]
[WhiteTeam "Netherlands"]
[BlackTeam "Cuba"]
[WhiteTeamCountry "NED"]
[BlackTeamCountry "CUB"]
[TimeControl "40/5400+30:1800+30"]

1. d4 d5 2. c4 c6 3. Nf3 Nf6 4. Nc3 dxc4 5. a4 Bf5 6. Ne5 Nbd7 7. Nxc4 Qc7 8. Qd2 g6 9. Qf4 Qxf4 10. Bxf4 {[%emt 0:00:09] Black has an edge.} Nb6 11. Nxb6 axb6 12. Be5 b5 {[%emt 0:09:35] [#]} 13. e4 $1 Bd7 (13... Be6 14. d5) 14. Bd3 Bg7 15. O-O b4 16. Na2 Rxa4 {[%emt 0:04:56] [#]} 17. Nxb4 $1 Rxa1 18. Rxa1 O-O 19. f3 Bc8 20. Ra5 Bh6 {[%emt 0:12:36] ...Bd2 would now be deadly.} 21. Nc2 Nd7 22. Bc7 Re8 23. f4 Nf8 {[%emt 0:05:31] [#]} 24. g3 $1 Bg7 25. Kf2 $36 {[%emt 0:02:51][%mdl 2048] White is on the roll.} Be6 ({Better is} 25... c5) 26. Ra7 $16 Bc8 27. e5 f6 {[%emt 0:02:24] Black is weak on the dark squares} 28. Bc4+ Be6 29. Bd3 {[%emt 0:04:54] White has more active pieces.} (29. Bxe6+ $16 Nxe6 30. Rxb7) 29... Bc8 $1 $18 30. Ne3 g5 (30... Ne6 $142 31. Bb6 Nd8) 31. f5 e6 32. Ng4 (32. Bc4 $142) 32... exf5 33. Nxf6+ Bxf6 34. exf6 Ng6 {[%emt 0:02:09] [#]} (34... Ne6 $142 35. Be5 Nf8) 35. h4 $1 gxh4 36. gxh4 {[%emt 0:00:02] Threatens to win with Bc4+.} h5 {[%emt 0:01:05][%cal Og8f7] [#]} 37. Be5 $1 Kf8 (37... Nxe5 38. dxe5) 38. Ra8 (38. Be2 $18) 38... Bd7 $2 {[%emt 0:00:34] A mistake that costs the game.} (38... Be6 $16 {might work better.} 39. Ra7 Bd5) 39. Rxe8+ Bxe8 {[%emt 0:00:35][%mdl 4096] Endgame. [#] KBB-KBN} 40. Kg3 (40. Bxf5 Nxh4 41. Bc8 b6 $14) 40... c5 41. Bd6+ (41. Bxf5 cxd4 42. Bxd4 Kg8 $18) 41... Kf7 42. dxc5 (42. Bxf5 cxd4 43. Bc5 Kxf6 $14) 42... Kxf6 43. b4 Ne5 $2 (43... Ke6 44. Bc4+ Kf6) 44. Bf1 $2 (44. Bxe5+ Kxe5 45. Be2) 44... Bc6 45. Be2 Be8 (45... Ng4 $142 46. b5 Be4) 46. b5 (46. Bxe5+ $142 Kxe5 47. Bf3) 46... Bd7 47. b6 {[%emt 0:02:04] Black must now prevent Bxe5+.} (47. Bxh5 Bxb5 48. Bxe5+ Kxe5 $11) 47... Nf7 (47... Nc6 $142 48. Bxh5 Nd4) 48. Bc7 Ne5 49. Bxh5 (49. Bxe5+ $142 Ke6 50. Bf3 (50. Kf4 Bc6 $18) 50... Kxe5 51. Bxb7 (51. Bxh5 f4+ 52. Kf2 Kd5 $18) 51... f4+ 52. Kf2 Ke6 53. Bf3 (53. c6 Ke7 54. cxd7 Kxd7 55. Ba6 Kd6 56. b7 Kc7 57. Kf3 Kb8 58. Kxf4 Ka7) 53... Bc8 54. b7 (54. Bxh5 Kd5 $18) (54. c6 Kd6 55. b7 Kc7 56. bxc8=Q+ Kxc8 57. Bxh5 Kd8 58. Bf3 Ke8)) 49... Ng4 (49... f4+ $142 50. Kxf4 Nd3+ 51. Ke3 Nxc5) 50. Kf4 {[%emt 0:00:42] White is clearly winning.} Bc8 51. Bd8+ Kg7 52. Be8 {[%emt 0:01:02] Weighted Error Value: White=0.43/Black=0.33.  Loses game:     	---       	Black=1      Mistake:       	White=5     	Black=6      Inaccurate:     	---       	Black=6      OK:         	White=14    	Black=10     Best:        	White=4     	Black=1      Strong:       	White=1     	Black=1      Brilliant:      	White=3     	---} 1-0

[Event "45th FIDE Olympiad 2024"]
[Site "Budapest"]
[Date "2024.09.15"]
[Round "5.36"]
[White "Alabdaljader, Mohammed"]
[Black "Nitzborn, Max Baron"]
[Result "1-0"]
[ECO "B20"]
[WhiteElo "1677"]
[BlackElo "1800"]
[PlyCount "101"]
[EventDate "2024.09.05"]
[EventType "team-tourn"]
[EventCountry "HUN"]
[WhiteTeam "Kuwait"]
[BlackTeam "Namibia"]
[WhiteTeamCountry "KUW"]
[BlackTeamCountry "NAM"]
[TimeControl "40/5400+30:1800+30"]

1. e4 c5 2. b3 Nc6 3. Bb2 d6 4. Bb5 Bd7 5. Nc3 Nf6 6. f4 Nd4 7. Bxd7+ Qxd7 8. Nf3 Ne6 9. g3 g6 10. d3 Bg7 11. Qd2 Nc7 12. O-O-O O-O-O 13. Kb1 Ng4 14. h3 Nh6 15. Rhe1 e5 16. fxe5 dxe5 17. Na4 Qe7 18. Qa5 b5 19. Nc3 Rd6 20. Nd5 Nxd5 21. exd5 f6 22. Qxb5 Rb6 23. Qa5 Kb7 24. d4 Rc8 25. Ba3 Ra6 26. Qb5+ Rb6 27. Qe2 Ra6 28. Bxc5 Rxc5 29. dxc5 Qxc5 30. Rd2 Nf5 31. Qc4 Qa5 32. b4 Qa4 33. Qb3 Qxb3+ 34. cxb3 Nd6 35. Rc2 Bh6 36. a4 Rb6 37. b5 a6 38. bxa6+ Rxa6 39. Rc5 Rb6 40. Ka2 Nf5 41. g4 Bf8 42. Rc6 Nd6 43. Rec1 Rb4 44. Rc7+ Kb8 45. Rxh7 e4 46. Rh8 exf3 47. Rxf8+ Kb7 48. Rxf6 Ne4 49. Rxf3 Nd2 50. Re3 Rd4 51. Rd1 1-0

[Event "45th FIDE Olympiad 2024"]
[Site "Budapest"]
[Date "2024.09.15"]
[Round "5.37"]
[White "Kadric, Denis"]
[Black "Keymer, Vincent"]
[Result "1-0"]
[ECO "C54"]
[WhiteElo "2553"]
[BlackElo "2730"]
[Annotator "TA"]
[PlyCount "69"]
[EventDate "2024.09.05"]
[EventType "team-tourn"]
[EventCountry "HUN"]
[SourceTitle "playchess.com"]
[Source "ChessBase"]
[SourceQuality "1"]
[WhiteTeam "Montenegro"]
[BlackTeam "Germany"]
[WhiteTeamCountry "MNE"]
[BlackTeamCountry "GER"]
[TimeControl "40/5400+30:1800+30"]

1. e4 e5 2. Nf3 Nc6 3. Bc4 Nf6 4. d3 Bc5 5. c3 a6 6. O-O d6 7. Nbd2 O-O 8. h3 Ba7 9. Bb3 Be6 10. Re1 Bxb3 11. Qxb3 Qd7 12. Nf1 {[%emt 0:00:08] The position is equal.} (12. Qxb7 $2 Rfb8 $19) 12... h6 13. Ng3 (13. Qxb7 $2 Rfb8 $19) 13... Rab8 14. Be3 (14. Bd2 {is interesting.} Rfe8 15. Nf5 d5 16. Rad1) 14... Bxe3 15. Rxe3 Nh7 (15... Qe6 $11) 16. d4 $14 Ng5 17. Rd1 g6 18. Nh4 Na5 {[%emt 0:12:34] This move loses the game for Black.} (18... Ne6 $14) 19. Qd5 $18 Qa4 20. b3 (20. dxe5 $6 Nc4 21. Nxg6 Nxe3 22. Ne7+ (22. fxe3 Rfe8 $16) 22... Kh7 23. fxe3 dxe5 $16) 20... Qxa2 {[%emt 0:00:02] [#]} 21. Ree1 $1 $36 {[%emt 0:28:04][%mdl 2048] Black is under strong pressure.} (21. dxe5 Qxb3 22. c4 c6 23. Qxd6 (23. Qxa5 $2 Qxd1+ 24. Re1 Qd4 $19) 23... Qc2) (21. Nxg6 Rfd8 22. dxe5 c6 23. Ne7+ Kh7) 21... c6 (21... Rfe8 $142 22. Ra1 (22. Nxg6 Qxb3 23. Qxa5 fxg6 $16) 22... Qxb3) 22. Qxd6 Qxb3 23. Qxe5 b6 $2 {[%emt 0:01:13] [#]} (23... Nc4 24. Qf6 Nh7) 24. Ngf5 $1 gxf5 25. Nxf5 f6 26. Qg3 {[%emt 0:02:18][%cal Oh3h4] aiming for h4!} (26. Nxh6+ Kh7 27. Qf4 Kxh6 $11) 26... Kh8 27. h4 (27. Nxh6 Nh7 $14) 27... Ne6 28. Qg6 (28. Nxh6 Rb7 $16) 28... Rb7 29. d5 (29. Qxh6+ Rh7 30. Qg6 Ng7 $15 (30... Nf4 31. Qg4 $15)) 29... Ng7 (29... Rh7 $142 30. dxe6 Qxe6) 30. Qxh6+ ({Weaker is} 30. Nxh6 Nc4 $14) 30... Kg8 31. Rd3 Nxf5 32. exf5 Rg7 {[%emt 0:00:10] [#]} 33. Re7 $3 Rff7 (33... Qd1+ 34. Rxd1) 34. Re8+ Rf8 35. Rg3 {[%emt 0:00:26] Weighted Error Value: White=0.08 (flawless) /Black=0.67.  Mistake:       	---       	Black=5      Inaccurate:     	---       	Black=2      OK:         	White=9     	Black=9      Best:        	White=3     	Black=2} 1-0

[Event "45th FIDE Olympiad 2024"]
[Site "Budapest"]
[Date "2024.09.15"]
[Round "5.37"]
[White "Kumar, Manoj"]
[Black "Giasi, Viresh"]
[Result "0-1"]
[ECO "E00"]
[WhiteElo "1951"]
[BlackElo "1998"]
[PlyCount "98"]
[EventDate "2024.09.05"]
[EventType "team-tourn"]
[EventCountry "HUN"]
[WhiteTeam "Fiji"]
[BlackTeam "Suriname"]
[WhiteTeamCountry "FIJ"]
[TimeControl "40/5400+30:1800+30"]

1. d4 Nf6 2. c4 e6 3. g3 Bb4+ 4. Bd2 Bxd2+ 5. Qxd2 Qe7 6. Bg2 d6 7. Nc3 O-O 8. e4 e5 9. Nge2 Be6 10. Nd5 Bxd5 11. exd5 Nbd7 12. O-O Nb6 13. b3 Nh5 14. dxe5 Qxe5 15. Rfe1 Nf6 16. Nd4 Qh5 17. Nb5 Rfc8 18. Qd4 Nfd7 19. Qf4 a6 20. Nd4 Ne5 21. Rad1 Re8 22. Qf5 Qxf5 23. Nxf5 g6 24. Ne3 Ned7 25. h4 h5 26. Nc2 Nc5 27. Kf1 Kf8 28. Nb4 a5 29. Nd3 Nxd3 30. Rxd3 Rxe1+ 31. Kxe1 a4 32. Ke2 axb3 33. axb3 Nd7 34. Rd2 Ra3 35. Rb2 Nc5 36. b4 Na4 37. Rc2 Rb3 38. b5 Ke7 39. Kd2 Kf6 40. Ra2 Rb2+ 41. Rxb2 Nxb2 42. Bf1 Ke5 43. Kc2 Na4 44. Bh3 f5 45. Kd3 Nb2+ 46. Kc3 Nd1+ 47. Kb4 Nxf2 48. Bg2 b6 49. Kc3 Ne4+ {0-} 0-1

[Event "45th FIDE Olympiad 2024"]
[Site "Budapest"]
[Date "2024.09.15"]
[Round "5.38"]
[White "Kollars, Dmitrij"]
[Black "Petrov, Nikita"]
[Result "1/2-1/2"]
[ECO "B46"]
[WhiteElo "2659"]
[BlackElo "2574"]
[Annotator "TA"]
[PlyCount "45"]
[EventDate "2024.09.05"]
[EventType "team-tourn"]
[EventCountry "HUN"]
[SourceTitle "playchess.com"]
[Source "ChessBase"]
[SourceQuality "1"]
[WhiteTeam "Germany"]
[BlackTeam "Montenegro"]
[WhiteTeamCountry "GER"]
[BlackTeamCountry "MNE"]
[TimeControl "40/5400+30:1800+30"]

1. e4 c5 2. Nf3 Nc6 3. d4 cxd4 4. Nxd4 e6 5. Nc3 a6 6. a3 Be7 7. Be3 Nf6 8. f4 d6 9. Qd2 O-O 10. O-O-O Bd7 11. Be2 Nxd4 12. Qxd4 Bc6 13. g4 (13. f5 $11) 13... d5 $1 $15 14. e5 Nd7 15. Rhg1 b5 16. g5 Qb8 17. Rg3 {[%emt 0:02:49] [#]} (17. b4 $15) 17... a5 $1 $17 {[%emt 0:07:07] And now ...b4 would win.} 18. b4 axb4 19. axb4 Bd8 (19... Ra6 $17 20. f5 Qxe5 (20... exf5 $2 21. Bf4 $19) (20... Nxe5 21. f6 $19) 21. Nxb5 exf5) 20. Qd3 Be7 21. Qd4 Bd8 22. Qd3 $1 Be7 23. Qd4 $1 {[%emt 0:04:29] Weighted Error Value: White=0.18 (very precise) /Black=0.24 (precise) .  Mistake:       	White=2     	Black=1      Inaccurate:     	White=2     	Black=3      OK:         	White=2     	Black=6      Best:        	White=1     	---        Strong:       	White=2     	Black=2} 1/2-1/2

[Event "45th FIDE Olympiad 2024"]
[Site "Budapest"]
[Date "2024.09.15"]
[Round "5.38"]
[White "Kalidjo, Imaan"]
[Black "Prasad, Rudr"]
[Result "1-0"]
[ECO "D00"]
[WhiteElo "1934"]
[BlackElo "1777"]
[PlyCount "69"]
[EventDate "2024.09.05"]
[EventType "team-tourn"]
[EventCountry "HUN"]
[WhiteTeam "Suriname"]
[BlackTeam "Fiji"]
[BlackTeamCountry "FIJ"]
[TimeControl "40/5400+30:1800+30"]

1. d4 d5 2. e3 Nf6 3. Bd3 c5 4. c3 e6 5. f4 Bd7 6. Nf3 Qb6 7. a4 Nc6 8. Nbd2 Bd6 9. Ne5 cxd4 10. exd4 h5 11. Qe2 g6 12. Ndf3 Rf8 13. Ng5 Bxe5 14. fxe5 Ne4 15. Bxe4 dxe4 16. Nxe4 O-O-O 17. Bg5 Kb8 18. Bxd8 Qxd8 19. O-O Ne7 20. Nd6 Nf5 21. Nxf5 exf5 22. d5 Re8 23. Rfe1 Qc7 24. Qe3 Qc4 25. Ra3 Qxd5 26. Qd4 Qe6 27. c4 f6 28. Rae3 Bc6 29. exf6 Be4 30. b4 Rf8 31. Rxe4 fxe4 32. Rxe4 Qxf6 33. Re8+ Kc7 34. Qc5+ Kd7 35. Rxf8 1-0

[Event "45th FIDE Olympiad 2024"]
[Site "Budapest"]
[Date "2024.09.15"]
[Round "5.39"]
[White "Djukic, Nikola"]
[Black "Bluebaum, Matthias"]
[Result "1/2-1/2"]
[ECO "B11"]
[WhiteElo "2515"]
[BlackElo "2640"]
[Annotator "TA"]
[PlyCount "38"]
[EventDate "2024.09.05"]
[EventType "team-tourn"]
[EventCountry "HUN"]
[SourceTitle "playchess.com"]
[Source "ChessBase"]
[SourceQuality "1"]
[WhiteTeam "Montenegro"]
[BlackTeam "Germany"]
[WhiteTeamCountry "MNE"]
[BlackTeamCountry "GER"]
[TimeControl "40/5400+30:1800+30"]

1. e4 c6 2. Nc3 d5 3. Nf3 Bg4 4. h3 Bxf3 5. Qxf3 e6 6. Be2 d4 7. Nb1 Ne7 8. d3 Ng6 9. g3 h5 10. h4 a5 11. Nd2 a4 12. a3 Nd7 13. Qg2 e5 {[%emt 0:08:23] The position is equal.} 14. Nf3 Be7 15. Ng5 Qa5+ 16. Bd2 Qb6 17. Bc1 Qa5+ 18. Bd2 Qb6 19. Bc1 Qa5+ {[%emt 0:13:57] A rather calm draw.   Weighted Error Value: White=0.02 (flawless) /Black=0.01 (flawless) .  OK:         	White=9     	Black=8} 1/2-1/2

[Event "45th FIDE Olympiad 2024"]
[Site "Budapest"]
[Date "2024.09.15"]
[Round "5.39"]
[White "Terubea, Ronald"]
[Black "Chashawa, Shaief"]
[Result "1/2-1/2"]
[ECO "C47"]
[WhiteElo "1836"]
[BlackElo "1825"]
[PlyCount "69"]
[EventDate "2024.09.05"]
[EventType "team-tourn"]
[EventCountry "HUN"]
[WhiteTeam "Fiji"]
[BlackTeam "Suriname"]
[WhiteTeamCountry "FIJ"]
[TimeControl "40/5400+30:1800+30"]

1. e4 e5 2. Nf3 Nf6 3. Nc3 Nc6 4. d4 exd4 5. Nxd4 Bc5 6. Be3 Nxd4 7. Bxd4 Qe7 8. Bxc5 Qxc5 9. Be2 d6 10. Qd3 Bd7 11. a3 O-O-O 12. b4 Qe5 13. O-O g5 14. Rfe1 h5 15. Qg3 Qe7 16. Nd5 Nxd5 17. exd5 Rde8 18. Qc3 Qe5 19. Qxe5 Rxe5 20. Bc4 Rhe8 21. Kf1 Bf5 22. Bb3 Be4 23. f3 Bf5 24. Rxe5 Rxe5 25. Re1 b5 26. Rxe5 dxe5 27. Ke2 f6 28. a4 a6 29. c4 c6 30. axb5 axb5 31. c5 cxd5 32. Bxd5 Kd7 33. Ke3 Bg6 34. Bb7 Kc7 35. Bd5 1/2-1/2

[Event "45th FIDE Olympiad 2024"]
[Site "Budapest"]
[Date "2024.09.15"]
[Round "5.40"]
[White "Svane, Frederik"]
[Black "Draskovic, Luka"]
[Result "1/2-1/2"]
[ECO "C70"]
[WhiteElo "2640"]
[BlackElo "2497"]
[Annotator "TA"]
[PlyCount "91"]
[EventDate "2024.09.05"]
[EventType "team-tourn"]
[EventCountry "HUN"]
[SourceTitle "playchess.com"]
[Source "ChessBase"]
[SourceQuality "1"]
[WhiteTeam "Germany"]
[BlackTeam "Montenegro"]
[WhiteTeamCountry "GER"]
[BlackTeamCountry "MNE"]
[TimeControl "40/5400+30:1800+30"]

1. e4 e5 2. Nf3 Nc6 3. Bb5 a6 4. Ba4 Nge7 5. c3 Ng6 6. d4 {[%emt 0:00:30] C70: Ruy Lopez: 3...a6 4 Ba4, Norwegian and Delayed Schliemann.} exd4 7. cxd4 Bb4+ 8. Nc3 d5 9. O-O dxe4 $1 10. Nxe4 O-O 11. a3 Be7 12. h3 $146 ({Predecessor:} 12. d5 Nce5 13. Nxe5 Nxe5 14. Bb3 Bd6 15. Bg5 Qd7 16. Nxd6 cxd6 17. f4 Ng4 18. f5 {0-1 Yao,L (2370)-Lehaci,M (2242) EU-ch (Women) 24th 2024 (10)}) 12... Be6 13. Re1 Bd5 14. Nc3 Bxf3 15. Qxf3 Qxd4 16. Bxc6 bxc6 17. Qxc6 Bd6 18. Re4 Qf6 19. Qc4 Rae8 20. Be3 (20. Qxa6 $2 {too greedy.} Bh2+ 21. Kxh2 Qxa6 $19) 20... Rxe4 21. Qxe4 Rb8 22. Bd4 Qf4 23. g3 Qh6 24. h4 Nf8 25. b4 Ne6 26. Be3 Qg6 27. Qxg6 hxg6 28. Ne4 Be7 29. Rc1 Ra8 30. Ng5 Bxg5 31. hxg5 Kf8 32. Kg2 Ke7 33. f4 Rd8 34. Kf3 Rd3 35. a4 Kd7 36. g4 Ra3 37. a5 f5 38. gxf6 gxf6 39. Rd1+ Kc6 40. f5 gxf5 41. gxf5 Ng7 42. Rc1+ Kd7 43. Rd1+ Kc6 44. Kf4 Nh5+ (44... Nxf5 45. Bc1 Rb3 46. Kxf5 $18) 45. Kf3 Ng7 46. Ke4 (46. Rc1+ $11 Kb7 47. Ke4) 1/2-1/2

[Event "45th FIDE Olympiad 2024"]
[Site "Budapest"]
[Date "2024.09.15"]
[Round "5.40"]
[White "Kalka, Shiva"]
[Black "Prakash, Prashil"]
[Result "1-0"]
[ECO "C54"]
[WhiteElo "1849"]
[BlackElo "1745"]
[PlyCount "73"]
[EventDate "2024.09.05"]
[EventType "team-tourn"]
[EventCountry "HUN"]
[WhiteTeam "Suriname"]
[BlackTeam "Fiji"]
[BlackTeamCountry "FIJ"]
[TimeControl "40/5400+30:1800+30"]

1. e4 e5 2. Nf3 Nc6 3. d4 exd4 4. Bc4 Bc5 5. c3 Nf6 6. e5 d5 7. Bb5 Ne4 8. cxd4 Bb6 9. Qc2 Bd7 10. Bxc6 Bxc6 11. O-O O-O 12. a4 a6 13. b3 Bd7 14. Ba3 Re8 15. Nbd2 Bf5 16. Qb2 c6 17. Kh1 Re6 18. Rad1 Rh6 19. Nxe4 Bxe4 20. Qe2 Qd7 21. Ng1 Qf5 22. Rd2 Qf4 23. h3 Re8 24. f3 Bf5 25. g4 Bc8 26. Qh2 Qe3 27. Qf2 Qxb3 28. Bd6 Qxa4 29. Kg2 f6 30. f4 Qb3 31. Nf3 fxe5 32. fxe5 Rxd6 33. Ng5 Rdd8 34. Qf7+ Kh8 35. Rdf2 Qa3 36. Qh5 Qd3 37. Qxe8+ 1-0

[Event "45th FIDE Olympiad 2024"]
[Site "Budapest"]
[Date "2024.09.15"]
[Round "5.41"]
[White "Vitiugov, Nikita"]
[Black "Kuybokarov, Temur"]
[Result "1/2-1/2"]
[ECO "C77"]
[WhiteElo "2676"]
[BlackElo "2562"]
[Annotator "TA"]
[PlyCount "69"]
[EventDate "2024.09.05"]
[EventType "team-tourn"]
[EventCountry "HUN"]
[SourceTitle "playchess.com"]
[Source "ChessBase"]
[SourceQuality "1"]
[WhiteTeam "England"]
[BlackTeam "Australia"]
[WhiteTeamCountry "ENG"]
[BlackTeamCountry "AUS"]
[TimeControl "40/5400+30:1800+30"]

1. e4 e5 2. Nf3 Nc6 3. Bb5 a6 4. Ba4 Nf6 5. d3 b5 6. Bb3 Bc5 7. c3 d6 8. Bg5 h6 9. Bh4 g5 10. Bg3 {[%emt 0:00:07] White is slightly better.} Bb6 11. a4 {[%emt 0:01:17] axb5 would now be deadly.} Bd7 12. Nbd2 Rb8 (12... Nh5 {seems wilder.} 13. axb5 axb5 14. Rxa8 Qxa8 15. Nxe5 Nxg3 16. Bxf7+ Ke7) 13. axb5 axb5 14. O-O O-O 15. Re1 Re8 16. Nf1 Qe7 17. d4 Qf8 18. Qd3 Rbd8 19. Rad1 (19. Qxb5 $2 {perishes.} Nxd4 20. Qb4 Bc5 $19) 19... Qg7 20. dxe5 Nxe5 21. Nxe5 dxe5 22. Ne3 c6 23. Qc2 Nh5 24. Rd6 Bc5 25. Rd2 Bc8 26. Red1 Rxd2 27. Qxd2 Nxg3 28. hxg3 {[%emt 0:01:09] The position is equal.} g4 29. Ba2 Qg5 30. Nf5 Qxd2 31. Rxd2 Bxf5 32. exf5 Kg7 33. Kf1 b4 34. Rd7 Re7 35. Rxe7 {[%emt 0:00:07] An interesting draw.   Weighted Error Value: White=0.09 (flawless) /Black=0.06 (flawless) .  Inaccurate:     	White=1     	---        OK:         	White=8     	Black=10     Best:        	---       	Black=1} 1/2-1/2

[Event "45th FIDE Olympiad 2024"]
[Site "Budapest"]
[Date "2024.09.15"]
[Round "5.41"]
[White "Ebosse, Kingue Victor Patric"]
[Black "Tchouka, Yakini"]
[Result "0-1"]
[ECO "B78"]
[WhiteElo "2014"]
[BlackElo "1932"]
[PlyCount "106"]
[EventDate "2024.09.05"]
[EventType "team-tourn"]
[EventCountry "HUN"]
[WhiteTeam "Cameroon"]
[BlackTeam "Togo"]
[WhiteTeamCountry "CAM"]
[BlackTeamCountry "TOG"]
[TimeControl "40/5400+30:1800+30"]

1. e4 c5 2. Nf3 d6 3. d4 cxd4 4. Nxd4 Nf6 5. Nc3 g6 6. Be3 Bg7 7. f3 Nc6 8. Bc4 Bd7 9. Qd2 O-O 10. h4 h5 11. O-O-O Rc8 12. Bb3 Ne5 13. g4 hxg4 14. h5 Nxh5 15. Bh6 e6 16. Bxg7 Kxg7 17. fxg4 Nxg4 18. Rdg1 Ngf6 19. Nf3 Qc7 20. Qg5 Rh8 21. e5 dxe5 22. Nxe5 Rcg8 23. Rf1 Be8 24. Rh4 Qe7 25. Rd4 Nd5 26. Qd2 Nxc3 27. Qxc3 Qg5+ 28. Rd2 Kf8 29. Qc5+ Qe7 30. Qxa7 Ng3 31. Re1 Rh5 32. Qf2 Qh4 33. Rd4 Qh2 34. Qe3 Nf5 35. Ng4 Qh4 36. Qe5 Nxd4 37. Qd6+ Qe7 38. Qxd4 Rgh8 39. Nf6 Rh1 40. Rxh1 Rxh1+ 41. Kd2 e5 42. Qf2 Qb4+ 43. c3 Qf4+ 44. Qxf4 exf4 45. Bd5 Rh2+ 46. Kd3 Bc6 47. b4 g5 48. a4 Bxd5 49. Nxd5 f3 50. Ke3 f2 51. Ke2 g4 52. Ne3 g3 53. a5 Rh1 {0-} 0-1

[Event "45th FIDE Olympiad 2024"]
[Site "Budapest"]
[Date "2024.09.15"]
[Round "5.42"]
[White "Cheng, Bobby"]
[Black "Howell, David W L"]
[Result "1-0"]
[ECO "E01"]
[WhiteElo "2588"]
[BlackElo "2677"]
[Annotator "RC"]
[PlyCount "163"]
[EventDate "2024.09.05"]
[EventType "team-tourn"]
[EventCountry "HUN"]
[SourceTitle "playchess.com"]
[Source "ChessBase"]
[SourceQuality "1"]
[WhiteTeam "Australia"]
[BlackTeam "England"]
[WhiteTeamCountry "AUS"]
[BlackTeamCountry "ENG"]
[TimeControl "40/5400+30:1800+30"]

1. d4 Nf6 2. c4 e6 3. Nf3 d5 4. g3 h6 5. Bg2 Bd6 6. O-O O-O 7. b3 b6 8. Bb2 Bb7 9. Nc3 Nbd7 10. Rc1 Re8 11. Qc2 Rc8 12. Rfd1 c5 13. cxd5 Nxd5 14. Nxd5 cxd4 15. Qd2 Rxc1 16. Qxc1 Bxd5 17. Nxd4 Bxg2 18. Kxg2 Bc5 19. Nf3 Qe7 20. Qc3 f6 21. Qc4 Nf8 22. Bd4 Bxd4 23. Nxd4 Qd7 24. Rc1 Ng6 25. Qc6 Qe7 26. Qa4 Qb7+ 27. Kg1 Re7 28. Qc4 Ne5 29. Qc8+ Kf7 30. Qxb7 Rxb7 31. f4 Ng6 32. Kf2 e5 33. Nc6 Rd7 34. fxe5 fxe5 35. Ke3 Ke6 36. b4 Nh8 37. Nb8 Rd8 38. Na6 Rd7 39. Rc6+ Ke7 40. Nc7 Nf7 41. Nb5 Nd8 42. Rc3 Ke6 43. Rc8 Kf5 44. h3 h5 45. a3 Ne6 46. Ra8 h4 47. gxh4 Nd4 48. Nxd4+ Rxd4 49. Rxa7 Rxh4 50. Rf7+ Ke6 51. Rxg7 Rxh3+ 52. Ke4 Rh4+ 53. Kd3 Kd5 54. e4+ Kc6 55. a4 Rh1 56. Rg6+ Kc7 57. Kc4 Re1 58. Kb5 Rxe4 59. Rc6+ Kb7 60. Rxb6+ Ka7 61. Re6 Rh4 62. Re7+ Ka8 63. Re8+ Ka7 64. Re7+ Ka8 65. Rxe5 Rh6 66. Re8+ Kb7 67. Re7+ Ka8 68. a5 Kb8 69. Rg7 Rh5+ 70. Ka4 Rh6 71. Rg4 Ka7 72. b5 Rf6 73. Rg7+ Kb8 74. a6 Ka8 75. Ka5 Rf8 76. Rg5 Rh8 77. Rc5 Rg8 78. b6 Rh8 79. Rc8+ Rxc8 80. b7+ Ka7 81. bxc8=N+ Kb8 82. Nd6 1-0

[Event "45th FIDE Olympiad 2024"]
[Site "Budapest"]
[Date "2024.09.15"]
[Round "5.42"]
[White "Egbe, Kossi Thierry"]
[Black "Zebaze, Dongmo Loic Dylane"]
[Result "1/2-1/2"]
[ECO "C01"]
[WhiteElo "1847"]
[BlackElo "1914"]
[PlyCount "118"]
[EventDate "2024.09.05"]
[EventType "team-tourn"]
[EventCountry "HUN"]
[WhiteTeam "Togo"]
[BlackTeam "Cameroon"]
[WhiteTeamCountry "TOG"]
[BlackTeamCountry "CAM"]
[TimeControl "40/5400+30:1800+30"]

1. e4 e6 2. d4 d5 3. exd5 exd5 4. Bd3 c5 5. Nf3 c4 6. Be2 Bd6 7. Nc3 Nf6 8. Bg5 Be6 9. O-O O-O 10. Nb5 Be7 11. b3 a6 12. Nc3 Qa5 13. Bd2 Bb4 14. Qe1 Nc6 15. a3 Bxc3 16. Bxc3 Qc7 17. bxc4 dxc4 18. Bb2 Rfe8 19. Qd1 Rad8 20. c3 Na5 21. Nd2 Bd5 22. Bf3 Ne4 23. Bxe4 Bxe4 24. Re1 Bd3 25. Qa4 b5 26. Qb4 Qf4 27. Nf3 Nb3 28. Rxe8+ Rxe8 29. Re1 Rxe1+ 30. Nxe1 Qe4 31. Nf3 Qe2 32. h3 Qxb2 33. Qe7 Qc1+ 34. Kh2 Qf4+ 35. Kg1 h6 36. d5 Bf5 37. Ne5 f6 38. Nd7 Bxd7 39. Qxd7 Nd2 40. Qe6+ Kh7 41. d6 Ne4 42. d7 Qxf2+ 43. Kh2 Qf4+ 44. Kg1 Nc5 45. Qc6 Qe3+ 46. Kh1 Nxd7 47. Qxd7 Qxc3 48. Qf5+ Kg8 49. Qe6+ Kf8 50. Qd6+ Kf7 51. Qd7+ Kg8 52. Qc8+ Kf7 53. Qd7+ Kg6 54. Qg4+ Kh7 55. Qf5+ Kg8 56. Qc8+ Kh7 57. Qf5+ g6 58. Qd7+ Kg8 59. Qe8+ Kg7 1/2-1/2